 Dungeon Crawl Stone Soup version 0.30.0-15-g856e2d3f33 (webtiles) character file.

Game seed: 2896646434640573602

1322 qw the Cleaver (level 8, 0/51 HPs)
             Began as a Gargoyle Fighter on May 19, 2023.
             Slain by a gnoll sergeant
             ... wielding a +0 spear
              (6 damage)
             ... on level 7 of the Dungeon.
             The game lasted 00:02:07 (4397 turns).

qw the Cleaver (Gargoyle Fighter)                   Turns: 4397, Time: 00:02:08

Health: 0/51       AC: 17    Str: 22    XL:     8   Next: 59%
Magic:  8/8        EV:  9    Int:  9    God:
Gold:   279        SH:  4    Dex:  9    Spells: 7/7 levels left

rFire   . . .        e - +0 war axe (vamp)
rCold   . . .        c - +0 buckler
rNeg    + . .        b - +0 scale mail
rPois   inf          (no helmet)
rElec   +            (no cloak)
rCorr   .            n - +2 pair of gloves
SInv    .            h - +1 pair of boots {Fly}
Will    .....        (no amulet) Stlth
                     (no ring)
HPRegen 0.28/turn    (no ring)
MPRegen 0.11/turn

%: no passive effects
@: about to teleport, flying
A: sickness immunity, AC +5, negative energy resistance 1, electricity
resistance, torment resistance 1, petrification resistance
a: no special abilities


You were on level 7 of the Dungeon.
You visited 1 branch of the dungeon, and saw 7 of its levels.

You collected 279 gold pieces.


Innate Abilities, Weirdness & Mutations

You are immune to sickness and miasma.
Your stone body is resilient. (AC +5)
You are immune to poison.
You resist negative energy. (rN+)
You are resistant to electric shocks. (rElec)
You are resistant to unholy torment.
You are immune to petrification.


   Skills:
 + Level 5.7 Fighting
 - Level 8.1 Axes
 - Level 1.8 Throwing
 - Level 3.2 Armour
 - Level 1.3 Dodging
 - Level 3.2 Shields


You had 7 spell levels left.
You didn't know any spells.
Your spell library was empty.

Inventory:

Hand Weapons
 e - a +0 vampiric war axe (weapon)
 f - a +0 mace
Missiles
 m - 5 boomerangs (quivered)
Armour
 b - a +0 scale mail (worn)
 c - a +0 buckler (worn)
 h - a +1 pair of boots of flying (worn)
 n - a +2 pair of gloves (worn)
Scrolls
 j - 5 scrolls of identify
Potions
 a - a potion of heal wounds
 d - a potion of might
 g - a potion of mutation
 i - a potion of attraction
 l - a potion of lignification
 o - a potion of curing

Dungeon Overview and Level Annotations

Branches:
Dungeon (7/15)             Temple (0/1) D:4

Altars:
Cheibriados
Nemelex Xobeh
Qazlal
Sif Muna
Xom

Shops:
D:1 *


Message History

The gnoll sergeant hits you from afar with a +0 spear.
The water moccasin bites you but does no damage.
You closely miss the water moccasin.
The water moccasin is heavily wounded.
The water moccasin bites you. You block the gnoll sergeant's attack.
The gnoll sergeant hits you but does no damage.
The water moccasin bites you but does no damage.
You closely miss the water moccasin.
The water moccasin is heavily wounded.
The water moccasin misses you.
The gnoll sergeant hits you but does no damage.
You closely miss the water moccasin.
The water moccasin is heavily wounded.
The water moccasin bites you.
The gnoll sergeant hits you but does no damage.
The water moccasin closely misses you.
You slash the water moccasin!
The water moccasin is almost dead.
The water moccasin bites you.
The gnoll sergeant hits you from afar with a +0 spear.
The water moccasin bites you but does no damage.
You miss the water moccasin.
The water moccasin is almost dead.
The gnoll sergeant hits you but does no damage.
You block the water moccasin's attack.
You miss the water moccasin.
The water moccasin is almost dead.
You block the water moccasin's attack.
The gnoll sergeant hits you but does no damage.
The water moccasin misses you.
You hit the water moccasin.
You kill the water moccasin!
The gnoll sergeant hits you but does no damage.
The gnoll sergeant hits you from afar with a +0 spear.
The gnoll sergeant hits you with a +0 spear!
4397 ||| READING scroll of teleportation.
As you read the scroll of teleportation, it crumbles to dust.
You feel strangely unstable.
The gnoll sergeant hits you with a +0 spear.
You die...

...##.#.
#...#..# #
......# ..
##..#..##+..
##.....#...#
##..........#
#.....).....+
#..@g...#
##...#...#
#<....##+...
#.....# .
#.....#
#....#...
.........
##...#.....
##.##.....


You could see a gnoll sergeant.

Vanquished Creatures
  A water moccasin (D:7)
  4 sky beasts
  A centaur (D:7)
  A kobold brigand (D:6)
  4 scorpions
  3 orc priests (D:5)
  2 hounds (D:5)
  2 jellies (D:5)
  An iguana (D:4)
  3 orc wizards (D:5)
  A mummy (D:5)
  5 adders
  A white imp (D:5)
  3 worms (D:2)
  A dart slug (D:3)
  8 orcs
  3 ball pythons (D:2)
  3 bats
  3 endoplasms
  3 giant cockroaches
  5 goblins
  8 hobgoblins
  2 jackals (D:4)
  8 kobolds
  A quokka (D:4)
  2 frilled lizards
  3 rats
82 creatures vanquished.

Vanquished Creatures (others)
  A hound (D:5)
1 creature vanquished.

Grand Total: 83 creatures vanquished

Notes
Turn   | Place    | Note
-------+----------+-------------------------------------------
     0 | D:1      | qw the Gargoyle Fighter began the quest for the Orb.
     0 | D:1      | Reached XP level 1. HP: 14/14 MP: 1/1
     0 | D:1      | 0 ||| qw: Version: 0.2-a-96-g8eb1148
     0 | D:1      | 0 ||| qw: Game counter: 30
     0 | D:1      | 0 ||| qw: Always use a shield: true
     0 | D:1      | 0 ||| qw: God list: Okawaru
     0 | D:1      | 0 ||| qw: Allow faded altars: false
     0 | D:1      | 0 ||| qw: Do Orc after D:15 true
     0 | D:1      | 0 ||| qw: Do second Lair branch before Depths: true
     0 | D:1      | 0 ||| qw: Lair rune preference: random
     0 | D:1      | 0 ||| qw: Plans: Normal, Zot:1-4, God:TSO, Crypt, Tomb,
                  | Pan, Slime:5, Hells, Abyss, Win
     0 | D:1      | 0 ||| PLANNING D:1-11
     8 | D:1      | Found Darees's General Store.
    24 | D:1      | 24 ||| SHOPLISTING potion of lignification (30 gold, have
                  | 0).
    49 | D:1      | Reached skill level 2 in Axes
   129 | D:1      | Found a faded altar of an unknown god.
   149 | D:1      | 149 ||| DROPPING +0 club.
   169 | D:1      | Reached XP level 2. HP: 19/19 MP: 2/2
   172 | D:1      | 172 ||| Stepping ~*~*~tactically~*~*~ (stealth).
   174 | D:1      | 174 ||| Stepping ~*~*~tactically~*~*~ (stealth).
   577 | D:1      | 577 ||| READING scroll labelled ICSEXZ EBUA.
   578 | D:1      | 578 ||| READING scroll labelled JOOGOLUBEN.
   579 | D:1      | 579 ||| READING scroll labelled NUIDWIU FUTUY.
   580 | D:1      | 580 ||| READING 3 scrolls labelled KONUODW NUCK.
   581 | D:1      | 581 ||| DROPPING 2 scrolls of blinking.
   648 | D:2      | Reached skill level 3 in Axes
   656 | D:2      | Reached XP level 3. HP: 21/23 MP: 3/3
  1283 | D:2      | 1283 ||| UPGRADING to +0 pair of gloves.
  1288 | D:2      | 1288 ||| READING scroll labelled BUGELU PYOBAN.
  1289 | D:2      | 1289 ||| READING scroll labelled SEUMYOQ SOIST.
  1290 | D:2      | 1290 ||| DRINKING 4 inky potions.
  1291 | D:2      | 1291 ||| DRINKING 2 black potions.
  1292 | D:2      | 1292 ||| DROPPING 3 potions of brilliance.
  1318 | D:3      | 1318 ||| READING scroll of brand weapon.
  1318 | D:3      | 1318 ||| BRANDING +0 war axe of draining.
  1361 | D:3      | Found a stormy altar of Qazlal.
  1363 | D:3      | Noticed a water elemental
  1364 | D:3      | Noticed an air elemental
  1364 | D:3      | Noticed a fire elemental
  1364 | D:3      | Noticed an earth elemental
  1388 | D:3      | 1388 ||| Stepping ~*~*~tactically~*~*~ (stealth).
  1402 | D:3      | Reached XP level 4. HP: 18/28 MP: 4/4
  1557 | D:3      | Found a shimmering altar of Xom.
  1557 | D:3      | Found a shimmering altar of Xom.
  1558 | D:3      | Found a shimmering altar of Xom.
  1570 | D:3      | Reached skill level 4 in Axes
  1609 | D:3      | Found a shimmering altar of Xom.
  1614 | D:3      | Found a shimmering altar of Xom.
  2081 | D:3      | 2081 ||| READING 3 scrolls labelled YHES OLAYNUMMU.
  2082 | D:3      | 2082 ||| READING scroll labelled UPHYAGUXEU.
  2083 | D:3      | 2083 ||| READING scroll labelled LEAWKEIGHA.
  2084 | D:3      | 2084 ||| READING scroll labelled BOMETH EPNAMY.
  2085 | D:3      | 2085 ||| DRINKING 2 murky red potions.
  2119 | D:3      | 2119 ||| READING 2 scrolls of identify.
  2119 | D:3      | 2119 ||| IDENTIFYING brown potion
  2173 | D:4      | Found a shimmering blue altar of Sif Muna.
  2238 | D:4      | Found a staircase to the Ecumenical Temple.
  2487 | D:4      | Reached XP level 5. HP: 31/32 MP: 5/5
  2780 | D:4      | 2780 ||| READING 6 scrolls of identify.
  2780 | D:4      | 2780 ||| IDENTIFYING fuming green potion
  2781 | D:4      | 2781 ||| READING 5 scrolls of identify.
  2781 | D:4      | 2781 ||| IDENTIFYING fizzy puce potion
  2782 | D:4      | 2782 ||| READING 4 scrolls of identify.
  2782 | D:4      | 2782 ||| IDENTIFYING dark potion
  2783 | D:4      | 2783 ||| DROPPING potion of magic.
  2804 | D:5      | Entered Level 5 of the Dungeon
  2811 | D:5      | Reached skill level 5 in Axes
  2833 | D:5      | Reached XP level 6. HP: 38/38 MP: 6/6
  2883 | D:5      | 2883 ||| Stepping ~*~*~tactically~*~*~ (stealth).
  2884 | D:5      | 2884 ||| Stepping ~*~*~tactically~*~*~ (stealth).
  2885 | D:5      | 2885 ||| Stepping ~*~*~tactically~*~*~ (stealth).
  2896 | D:5      | Reached skill level 1 in Dodging
  2980 | D:5      | 2980 ||| DRINKING potion of curing.
  2980 | D:5      | 2980 ||| (to cure confusion)
  2991 | D:5      | Reached XP level 7. HP: 34/43 MP: 7/7
  2999 | D:5      | Reached skill level 6 in Axes
  3032 | D:5      | 3032 ||| Stepping ~*~*~tactically~*~*~ (stealth).
  3034 | D:5      | 3034 ||| Stepping ~*~*~tactically~*~*~ (stealth).
  3035 | D:5      | 3035 ||| Stepping ~*~*~tactically~*~*~ (hiding).
  3074 | D:5      | 3074 ||| Stepping ~*~*~tactically~*~*~ (hiding).
  3299 | D:5      | Found a snail-covered altar of Cheibriados.
  3348 | D:5      | 3348 ||| UPGRADING to +2 pair of gloves.
  3358 | D:5      | 3358 ||| DROPPING +0 pair of gloves.
  3359 | D:5      | 3359 ||| READING scroll labelled TUYMAD YBBEIV.
  3394 | D:6      | 3394 ||| Stepping ~*~*~tactically~*~*~ (hiding).
  3611 | D:6      | Reached skill level 7 in Axes
  3683 | D:6      | Found a sparkling altar of Nemelex Xobeh.
  3919 | D:6      | Reached skill level 1 in Throwing
  3919 | D:6      | Reached XP level 8. HP: 49/49 MP: 8/8
  4332 | D:6      | 4332 ||| UPGRADING to +1 pair of boots of flying.
  4337 | D:6      | 4337 ||| READING 2 scrolls labelled PEICANIEB.
  4342 | D:6      | 4342 ||| READING scroll labelled RUITEN KUVIT.
  4388 | D:7      | Reached skill level 8 in Axes
  4395 | D:7      | HP: 12/49 [gnoll sergeant/+0 spear (5)]
  4397 | D:7      | 4397 ||| READING scroll of teleportation.
  4397 | D:7      | Slain by a gnoll sergeant

Levels and vault maps discovered:
D:1:      wander_arrival_abandoned_jail, layout_rooms,
          hellmonk_ecumenical_altar_lost_god, serial_shops,
          nicolae_shop_tiny_statue_garden, hangedman_glass_teeth, minmay_tall_x
D:2:      layout_loops_ring
D:3:      layout_loops_corners, xom_redecorated,
          nicolae_qazlal_style_of_elements
D:4:      layout_loops_ring, lemuel_doored_altar, temple_doors_e
D:5:      layout_cave_pools, slow_altar_2, minmay_misc_feat_hallway,
          hangedman_abyss_or_decor_lesser_grid
D:6:      layout_basic, overflow_temple_1_default, st_stairs_5
D:7:      layout_cave_pools, minmay_fractal_squares_diagonal_5

Skill      XL: |  1  2  3  4  5  6  7  8 |
---------------+-------------------------+-----
Axes           | 2 3 4 5 7 8 |  8.1
Fighting       | 4 5 |  5.7
Dodging        | 1 |  1.3
Throwing       | 1 |  1.8
Armour         | |  3.2
Shields        | |  3.2

Action                     |  1- 3 |  4- 6 |  7- 9 || total
---------------------------+-------+-------+-------++-------
  Melee: War axe           |   123 |    98 |   125 ||   346
  Throw: Boomerang         |       |       |    18 ||    18
    Use: Scroll            |     7 |     8 |     4 ||    19
         Potion            |     2 |     2 |       ||     4
 Armour: Scale mail        |    65 |    54 |   114 ||   233
  Dodge: Dodged            |    35 |    39 |    53 ||   127
  Block: Buckler           |    23 |    24 |    21 ||    68

Table legend:
 A = Non-vault XP
 B = Vault XP
 C = Vault XP percentage of total XP
 D = Non-vault monster count
 E = Vault monster count
 F = Vault count percentage of total count
                 A         B        C        D         E       F
            +---------+---------+-------+---------+---------+-------
      Total |    1471 |     418 |  22.1 |      74 |       9 |  10.8
            +---------+---------+-------+---------+---------+-------
        D:1 |       9 |       7 |  43.8 |       5 |       4 |  44.4
        D:2 |      62 |       0 |   0.0 |      17 |       0 |   0.0
        D:3 |      26 |       0 |   0.0 |       8 |       0 |   0.0
        D:4 |      71 |       0 |   0.0 |      13 |       0 |   0.0
        D:5 |     699 |      16 |   2.2 |      18 |       1 |   5.3
        D:6 |     604 |       3 |   0.5 |      13 |       1 |   7.1
        D:7 |       0 |     392 | 100.0 |       0 |       3 | 100.0
            +---------+---------+-------+---------+---------+-------
